 Dungeon Crawl Stone Soup version 0.25-a0-424-g80bd347ae0 (webtiles) character file.

Game seed: 534255858858048382, levelgen mode: deterministic

6189 Kohma the Fighter (level 10, -3/153 HPs)
             Began as a Naga Venom Mage on Jan 23, 2020.
             Was a Believer of Cheibriados.
             Slain by a yak (5 damage)
             ... on level 9 of the Dungeon.
             The game lasted 00:35:44 (12118 turns).

Kohma the Fighter (Naga Venom Mage)                Turns: 12118, Time: 00:35:44

Health: -3/153     AC: 25    Str: 15    XL:     10   Next: 91%
Magic:  2/16       EV:  1    Int: 25    God:    Cheibriados [**....]
Gold:   533        SH:  0    Dex: 21    Spells: 7/17 levels left

rFire    . . .     SeeInvis +   f - +0 scimitar (flame)
rCold    . . .     Gourm    .   (no shield)
rNeg     + + +     Faith    .   (armour currently unavailable)
rPois    +         Spirit   .   (helmet currently unavailable)
rElec    .         Reflect  .   (cloak currently unavailable)
rCorr    .         Harm     .   (gloves currently unavailable)
MR       +....     NoTele   +   (no barding)
Stlth    ++++......             n - amulet of regeneration
HPRegen  0.75/turn              (no ring)
MPRegen  0.15/turn              (no ring)

@: agile, tree-form, very slow
A: large, see invisible, slow metabolism 1, spit poison 1, AC +3
a: Spit Poison, Bend Time, Renounce Religion


You were on level 9 of the Dungeon.
You worshipped Cheibriados.
Cheibriados was pleased with you.
You were not hungry.
You were a tree.
You visited 2 branches of the dungeon, and saw 10 of its levels.
You also visited: Sewer.

You collected 533 gold pieces.

Inventory:

Hand Weapons
 f - a +0 scimitar of flaming (weapon)
 o - a +0 vampiric dagger
 r - a +0 vorpal long sword
 w - a +0 triple crossbow
Missiles
 s - 3 datura-tipped darts
 B - 2 throwing nets (quivered)
Armour
 a - a +2 naga barding (melded)
 h - a +0 helmet (melded)
 m - a +1 cloak
 x - a +1 ring mail of cold resistance (melded)
 y - the +2 ratskin cloak (melded) {+Rats rPois rN+ Str-1 Int-1 Dex+1}
   (You acquired it on level 9 of the Dungeon)

   It affects your strength (-1).
   It affects your intelligence (-1).
   It affects your dexterity (+1).
   It protects you from poison.
   It protects you from negative energy.
Jewellery
 n - an amulet of regeneration (around neck)
Wands
 k - a wand of paralysis (14)
 p - a wand of random effects (13)
 u - a wand of iceblast (9)
Scrolls
 g - a scroll of enchant armour
 t - 3 scrolls of remove curse
 v - a scroll of silence
 z - 4 scrolls of teleportation
Potions
 d - a potion of magic
 i - a potion of brilliance
 j - 3 potions of curing
 l - a potion of flight
Comestibles
 c - 18 rations


   Skills:
 + Level 10.1 Fighting
 + Level 7.5 Armour
 - Level 1.5 Dodging
 - Level 3.0 Stealth
 - Level 4.0 Spellcasting
 - Level 3.2 Conjurations
 - Level 1.0 Transmutations
 - Level 3.0 Air Magic
 - Level 8.1 Poison Magic
 + Level 1.5 Invocations
 * Level 1.5 Evocations


You had 7 spell levels left.
You knew the following spells:

 Your Spells              Type           Power        Failure   Level  Hunger
a - Sting                 Tmut/Pois      ####         1%          1    None
b - Poisonous Vapours     Pois/Air       ####..       1%          2    None
c - Mephitic Cloud        Conj/Pois/Air  ####....     3%          3    ##.....
d - Olgreb's Toxic Radia  Pois           #####...     3%          4    ####...

Your spell library contained the following spells:

 Spells                   Type           Power        Failure   Level  Hunger
 Spider Form              Tmut/Pois      ####......   4%          3    ##.....
 Beastly Appendage        Tmut           ##....       6%          1    None
 Ignite Poison            Fire/Tmut/Pois ###.....     8%          3    ##.....
 Sticks to Snakes         Tmut           ##......     9%          2    None
 Ice Form                 Ice/Tmut       #.......     58%         4    ####...
 Blade Hands              Tmut           ##........   86%         5    #####..


Dungeon Overview and Level Annotations

Branches:
Dungeon (9/15)             Temple (1/1) D:7           Sewer (visited)
   Lair: D:8-11         Orc: D:9-12

Altars:
Ashenzari
Cheibriados
Dithmenos
Elyvilon
Fedhas
Gozag
Hepliaklqana
Makhleb
Nemelex Xobeh
Okawaru
Qazlal
Ru
Sif Muna
Trog
Uskayaw
Vehumet
Wu Jian
Xom
Yredelemnul
Zin
The Shining One

Annotations:
D:3 1 runed translucent door, shady's ghost, amateur HOFi
D:7 2 transporters, qipq's ghost, novice MfGl


Innate Abilities, Weirdness & Mutations

You cannot wear boots.
((Your serpentine skin is tough. (AC +3)))
You have supernaturally acute eyesight. (SInv)
((Armour fits poorly on your strangely shaped body.))
((Your system is resistant to poisons. (rPois)))
((You cover ground very slowly.))
You have a slow metabolism.
You can spit poison.


Message History

* * * LOW HITPOINT WARNING * * *
You barely miss the yak.
The yak is heavily wounded.
The yak gores you but does no damage.
You hit the yak but do no damage.
The yak is heavily wounded.
The yak gores you but does no damage.
You closely miss the yak.
The yak is heavily wounded.
The yak gores you but does no damage. The yak gores you.
* * * LOW HITPOINT WARNING * * *
Your magical contamination has completely faded away.
You closely miss the yak.
The yak is heavily wounded.
The yak gores you.
* * * LOW HITPOINT WARNING * * *
You hit the yak but do no damage.
The yak is heavily wounded.
The yak gores you but does no damage. The yak gores you.
You die...

....... ....... .......
.....# ##..... .....# #.....
#... ....# #..... ..# ##...
....# #..... ...###...# #...#
#..... .........# #Y..#
#..... .........###♣..#
#..... ...............#
#.....
...............####+####.....
≈≈...........................
........####...≈...≈≈≈≈≈≈...#
........#≈≈#.....≈...≈...≈..#
........##≈##≈.≈.≈≈[.≈......#
.'#####..#≈≈≈≈≈≈≈≈≈≈≈.≈≈≈≈≈≈≈
. #..# ≈≈≈≈≈≈≈≈.≈≈≈≈≈≈≈≈≈


You could see a yak.

Vanquished Creatures
  Erica (D:8)
  Pikel (D:5)
  Prince Ribbit (D:7)
  A hippogriff (D:7)
  Sigmund (D:2)
  9 yaks (D:9)
  Eustachio (D:6)
  A water moccasin (D:9)
  Duvessa (D:5)
  2 black bears
  An ice beast (D:5)
  A sky beast (D:5)
  A phantom (D:6)
  4 ogres
  A crocodile (Sewer)
  3 centaurs
  Blork the orc (D:5)
  A bullfrog (D:9)
  Dowan (D:5)
  A wyvern skeleton (D:7)
  3 scorpions
  6 killer bees
  3 wights
  2 howler monkeys
  A crimson imp (D:7)
  A centaur zombie (D:9)
  4 hounds
  3 orc priests
  A bullfrog skeleton (D:9)
  A jelly (D:9)
  An iguana (D:4)
  Ijyb (D:5)
  6 worker ants
  9 orc wizards
  A killer bee zombie (D:5)
  2 hound skeletons
  A howler monkey zombie (D:5)
  2 howler monkey skeletons
  6 adders
  A river rat (D:4)
  A shadow imp (D:5)
  An ooze (D:3)
  2 worms
  4 dart slugs (D:1)
  5 leopard geckos
  20 orcs
  7 giant cockroaches
  10 goblins
  11 hobgoblins
  17 jackals
  4 quokkas
  A ball python (D:4)
  8 bats
  7 frilled lizards
  A jackal skeleton (D:7)
  8 kobolds
  A leopard gecko skeleton (D:4)
  2 leopard gecko zombies (D:6)
  9 rats
208 creatures vanquished.

Vanquished Creatures (others)
  An orc (D:5)
1 creature vanquished.

Grand Total: 209 creatures vanquished

Notes
Turn   | Place    | Note
-------+----------+-------------------------------------------
     0 | D:1      | Kohma the Naga Venom Mage began the quest for the Orb.
     0 | D:1      | Reached XP level 1. HP: 15/15 MP: 3/3
   174 | D:1      | Reached XP level 2. HP: 24/24 MP: 0/5
   178 | D:1      | Learned a level 2 spell: Poisonous Vapours
   597 | D:1      | Reached XP level 3. HP: 30/30 MP: 0/6
   694 | D:1      | Reached skill level 1 in Fighting
  1453 | D:2      | Reached skill level 5 in Poison Magic
  1649 | D:2      | Reached XP level 4. HP: 13/38 MP: 1/8
  2098 | D:2      | Noticed Sigmund
  2107 | D:2      | Killed Sigmund
  2107 | D:2      | Reached skill level 2 in Fighting
  2107 | D:2      | Reached XP level 5. HP: 37/45 MP: 0/10
  2107 | D:2      | Reached XP level 6. HP: 42/52 MP: 0/11
  2226 | D:2      | Found a shimmering blue altar of Sif Muna.
  2665 | D:3      | Found a runed translucent door.
  2665 | D:3      | Noticed shady's ghost (amateur HOFi)
  2682 | D:3      | Learned a level 3 spell: Mephitic Cloud
  2687 | D:3      | Learned a level 4 spell: Olgreb's Toxic Radiance
  2784 | D:3      | Found a shattered altar of Ashenzari.
  3908 | D:4      | Found a radiant altar of Vehumet.
  3920 | D:4      | Found a glowing drain.
  3995 | Sewer    | Entered a sewer
  4149 | Sewer    | Reached skill level 3 in Fighting
  4149 | Sewer    | Reached skill level 1 in Conjurations
  4149 | Sewer    | Reached skill level 1 in Air Magic
  4149 | Sewer    | Reached XP level 7. HP: 22/62 MP: 5/13
  4453 | D:4      | Found a sparkling altar of Nemelex Xobeh.
  4684 | D:4      | Found a bloodstained altar of Trog.
  5317 | D:5      | Entered Level 5 of the Dungeon
  5837 | D:5      | Noticed Dowan
  5838 | D:5      | Noticed Duvessa
  5867 | D:5      | Killed Dowan
  6059 | D:5      | Killed Duvessa
  6059 | D:5      | Reached skill level 4 in Fighting
  6059 | D:5      | Reached XP level 8. HP: 73/73 MP: 2/14
  6094 | D:5      | Noticed Ijyb
  6113 | D:5      | Killed Ijyb
  6309 | D:5      | Noticed Blork the orc
  6319 | D:5      | Killed Blork the orc
  6600 | D:5      | Reached skill level 1 in Armour
  6614 | D:5      | Noticed Pikel
  6796 | D:5      | Killed Pikel
  6796 | D:5      | Reached skill level 5 in Fighting
  7297 | D:6      | Reached skill level 6 in Fighting
  7331 | D:6      | Reached XP level 9. HP: 82/82 MP: 3/15
  7461 | D:6      | Found an iron altar of Okawaru.
  7965 | D:6      | Found a shadowy altar of Dithmenos.
  8219 | D:6      | Noticed Eustachio
  8231 | D:6      | Killed Eustachio
  8407 | D:6      | Got a twitching marble ring
  8408 | D:6      | Identified the ring of Yngoitoq {MR- Str+5 Int+6} (You
                  | found it on level 6 of the Dungeon)
  8618 | D:7      | Found a transporter.
  8626 | D:7      | Noticed qipq's ghost (novice MfGl)
  8843 | D:7      | Noticed Prince Ribbit
  8858 | D:7      | Killed Prince Ribbit
  8858 | D:7      | Reached skill level 7 in Fighting
  9408 | D:7      | Found a staircase to the Ecumenical Temple.
  9415 | Temple   | Entered the Ecumenical Temple
  9443 | Temple   | Became a worshipper of Cheibriados the Contemplative
  9663 | D:7      | Found a glowing silver altar of Zin.
  9695 | D:7      | Reached skill level 5 in Armour
 10371 | D:7      | Reached skill level 8 in Fighting
 10677 | D:7      | Found a transporter.
 10768 | D:8      | Noticed Erica
 10783 | D:8      | Killed Erica
 10783 | D:8      | Reached XP level 10. HP: 54/98 MP: 7/16
 10895 | D:8      | Reached * piety under Cheibriados
 10895 | D:8      | Reached skill level 9 in Fighting
 11737 | D:9      | Reached ** piety under Cheibriados
 11891 | D:9      | Reached skill level 10 in Fighting
 12077 | D:9      | Identified a scroll of acquirement
 12078 | D:9      | Identified the amulet "Savaz" {Faith *Drain rElec rC+
                  | Slay+5} (You acquired it on level 9 of the Dungeon)
 12079 | D:9      | Found the +2 ratskin cloak {+Rats rPois rN+ Str-1 Int-1
                  | Dex+1}
 12103 | D:9      | Reached skill level 1 in Invocations
 12104 | D:9      | Reached skill level 1 in Evocations
 12109 | D:9      | HP: 2/102 [yak (8)]
 12116 | D:9      | HP: 6/153 [yak (1)]
 12117 | D:9      | HP: 1/153 [yak (6)]
 12118 | D:9      | Slain by a yak

Levels and vault maps discovered:
D:1:      tarquinn_simple_flora_water_a, layout_basic
D:2:      layout_loops_ring, led_sif_pool, minmay_quadrilaterals, uniq_sigmund
D:3:      layout_loops_cross, nicolae_ashenzari_panopticon,
          hellmonk_ghost_happy_afterlife, first_ration
D:4:      layout_loops_ring, nemelex_xobeh_ov_fountains_minmay,
          vehumet_crystals, overflow_temple_1_default, portal_sewer_entry_b,
          minmay_splitting_lines
D:5:      layout_loops_corners, uniq_ijyb, uniq_blork_the_orc, uniq_pikel,
          uniq_duvessa
D:6:      layout_basic, nicolae_dithmenos_through_a_glass_darkly,
          old_standard_altar, uniq_eustachio
D:7:      layout_rooms, zin_academy, temple_statues, gammafunk_ghost_smash,
          minmay_fractal_squares_5, uniq_prince_ribbit1
D:8:      layout_cave_pools, grunt_ogre_cave, uniq_erica
D:9:      layout_big_octagon, kennysheep_mini, lair_entry_dummy, serial_rivers,
          chequers_serial_rivers_small_3, chequers_serial_rivers_marsh,
          chequers_serial_rivers_small_3, chequers_serial_rivers_room_a,
          chequers_serial_rivers_room_a, chequers_serial_rivers_small_a,
          evilmike_butchery
Temple:   oiseaux_autumnal_temple

Skill      XL: |  1  2  3  4  5  6  7  8  9 10 |
---------------+-------------------------------+-----
Fighting       | 1 2 3 4 6 8 10 | 10.1
Poison Magic   | 5 6 7 8 |  8.1
Spellcasting   | 3 4 |  4.0
Conjurations   | 1 2 3 |  3.2
Air Magic      | 1 3 |  3.0
Armour         | 3 6 7 |  7.5
Invocations    | 1 |  1.5
Evocations     | 1 |  1.5
Dodging        | |  1.5
Stealth        | |  3.0
Transmutations | |  1.0

Action                   |  1- 3 |  4- 6 |  7- 9 | 10-12 || total
-------------------------+-------+-------+-------+-------++-------
Melee: Unarmed           |     1 |       |       |       ||     1
       Club              |     5 |       |       |       ||     5
       Dagger            |    17 |    46 |   389 |       ||   452
       Long sword        |       |       |     6 |       ||     6
       Scimitar          |       |       |       |    64 ||    64
Throw: Dart              |       |       |     3 |       ||     3
 Cast: Sting             |    62 |    66 |   155 |    35 ||   318
       Poisonous Vapours |    11 |    28 |    91 |    29 ||   159
       Mephitic Cloud    |       |       |     2 |       ||     2
       Olgreb's Toxic Ra |       |       |       |     4 ||     4
 Abil: Spit Poison       |       |       |     3 |     1 ||     4
  Use: Scroll            |       |     9 |    12 |     4 ||    25
       Potion            |       |       |     2 |     4 ||     6
 Stab: Sleeping          |       |       |     1 |       ||     1
  Eat: Chunk             |     3 |     7 |    12 |     1 ||    23
       Ration            |       |       |     3 |       ||     3
Armor: Robe              |     9 |    26 |   213 |    67 ||   315
       Ring mail         |       |       |       |    34 ||    34
       Skin              |       |       |       |     6 ||     6
Dodge: Dodged            |    34 |    41 |   185 |    80 ||   340
       Rpst.: Scimitar   |       |       |       |    26 ||    26

Table legend:
 A = Non-vault XP
 B = Vault XP
 C = Vault XP percentage of total XP
 D = Non-vault monster count
 E = Vault monster count
 F = Vault count percentage of total count
                 A         B        C        D         E       F
            +---------+---------+-------+---------+---------+-------
      Total |    5556 |    3286 |  37.2 |     177 |      31 |  14.9
            +---------+---------+-------+---------+---------+-------
        D:1 |      64 |       0 |   0.0 |      33 |       0 |   0.0
        D:2 |      83 |     216 |  72.2 |      20 |       6 |  23.1
        D:3 |     139 |       0 |   0.0 |      24 |       0 |   0.0
        D:4 |     289 |      15 |   4.9 |      13 |       3 |  18.8
        D:5 |     434 |     972 |  69.1 |      15 |       5 |  25.0
        D:6 |     457 |     141 |  23.6 |      18 |       1 |   5.3
        D:7 |     807 |     782 |  49.2 |      16 |       8 |  33.3
        D:8 |     412 |    1041 |  71.6 |       8 |       2 |  20.0
        D:9 |    2871 |       0 |   0.0 |      30 |       0 |   0.0
      Sewer |       0 |     119 | 100.0 |       0 |       6 | 100.0
            +---------+---------+-------+---------+---------+-------
